 Dungeon Crawl Stone Soup version 0.17-a0-2064-g265a032 (webtiles) character file.

238 derrpe the Cutter (level 6, -5/36 HPs)
             Began as a Kobold Artificer on Oct 12, 2015.
             Slain by a worm (7 damage)
             ... in a sewer.
             The game lasted 00:05:37 (3093 turns).

derrpe the Cutter (Kobold Artificer)                Turns: 3093, Time: 00:05:37

Health: -5/36      AC:  6    Str: 11    XL:     6   Next: 28%
Magic:  9/9        EV: 14    Int: 11    God:
Gold:   74         SH:  0    Dex: 16    Spells: 0 memorised, 5 levels left

rFire  . . .     SeeInvis .     a - +0 short sword
rCold  . . .     Clarity  .     r - +0 ring mail
rNeg   . . .     SustAt   .     (shield restricted)
rPois  .         Gourm    .     (no helmet)
rElec  .         Spirit   .     (no cloak)
rCorr  .         Warding  .     n - +0 pair of gloves
rMut   .         Stasis   .     (no boots)
MR     .....                    (no amulet)
Stlth  +.........               (no ring)
                                (no ring)

@: lethally poisoned (-5 -> -9), slowed, very slow, not resistant to hostile
enchantments, very unstealthy
A: carnivore 3
a: no special abilities


You were in a sewer.
You were very full.

You visited 1 branch of the dungeon, and saw 3 of its levels.
You also visited: Sewer.

You collected 74 gold pieces.

Inventory:

Hand Weapons
 a - a +0 short sword (weapon)
Missiles
 i - 33 stones (quivered)
Armour
 n - a +0 pair of gloves (worn)
 r - a +0 ring mail (worn)
Wands
 c - a wand of flame (0)
 d - a wand of enslavement (13)
 e - a wand of random effects (15)
Scrolls
 g - 2 scrolls of fog {unknown}
 h - a scroll of remove curse {unknown}
 j - 2 scrolls of identify {unknown}
 l - a scroll of teleportation {unknown}
 o - a scroll of immolation {unknown}
 p - 2 scrolls of enchant armour {unknown}
Potions
 k - 5 potions of curing {unknown}
 m - a potion of lignification {unknown}
 s - a potion of heal wounds {unknown}
Comestibles
 f - a meat ration {@e2}
 q - a beef jerky


   Skills:
 + Level 2.8 Fighting
 * Level 5.0 Short Blades
 + Level 3.9 Dodging
 - Level 1.3 Stealth
 + Level 4.7 Evocations


You had 5 spell levels left.
You didn't know any spells.

Dungeon Overview and Level Annotations

Branches:
Dungeon (3/15)

Altars:
Kikubaaqudgha
Sif Muna
Trog


Innate Abilities, Weirdness & Mutations

You are small and have problems with some larger weapons.
You are carnivorous and can eat meat at any time.


Message History

You barely miss the worm.
The worm is moderately wounded.
You feel sick.
The worm splashes around in the water.
Your unstable footing causes you to fumble your attack.
You feel sick. The worm bites you!
Your unstable footing causes you to fumble your attack.
You feel sick.
You hit the worm.
The worm is heavily wounded.
You feel sick. The worm bites you!
* * * LOW HITPOINT WARNING * * *
You hit the worm but do no damage.
The worm is moderately wounded.
* * * LOW HITPOINT WARNING * * *
You feel sick. The worm bites you.
* * * LOW HITPOINT WARNING * * *
You hit the worm but do no damage.
The worm is moderately wounded.
The worm bites you!
You die...

#≈.≈# #≈≈.# ##≈≈≈#
##....# # ####..≈.≈#
#####≈≈≈
≈≈≈≈≈.≈.########≈.≈≈≈#
≈≈≈≈≈.####....(≈≈#
.≈≈.≈## #.≈≈.≈.(≈# ###
≈≈≈≈.####≈≈....≈@###≈≈≈≈K
.≈.≈.≈##.≈..####≈w≈≈≈#
≈≈≈≈.≈≈.≈..## #####≈≈≈≈.
.≈≈.....≈≈## ###
.∩....≈≈≈.# ...≈..≈.≈≈#
.∩....≈.≈≈# ...≈.≈.≈≈≈#
.≈≈...≈.≈..#


You could see a worm.

Vanquished Creatures
  4 wights (D:2)
  2 river rats (Sewer)
  2 adders (D:3)
  3 worms (D:2)
  3 giant geckos
  3 bats
  5 giant cockroaches
  5 goblins
  7 hobgoblins
  10 jackals
  2 quokkas (D:2)
  2 kobolds (Sewer)
  6 rats
54 creatures vanquished.

Vanquished Creatures (collateral kills)
  A ball python (D:2)
1 creature vanquished.

Vanquished Creatures (others)
  A wight (D:2)
1 creature vanquished.

Grand Total: 56 creatures vanquished

Notes
Turn   | Place    | Note
--------------------------------------------------------------
     0 | D:1      | derrpe the Kobold Artificer began the quest for the Orb.
     0 | D:1      | Reached XP level 1. HP: 12/12 MP: 3/3
   161 | D:1      | Reached XP level 2. HP: 13/16 MP: 4/4
   741 | D:2      | Reached XP level 3. HP: 13/20 MP: 5/5
   921 | D:2      | Reached skill level 4 in Evocations
   938 | D:2      | Found an ancient bone altar of Kikubaaqudgha.
  2399 | D:2      | Reached XP level 4. HP: 24/26 MP: 7/7
  2421 | D:2      | Reached XP level 5. HP: 27/30 MP: 8/8
  2494 | D:2      | Found a bloodstained altar of Trog.
  2494 | D:2      | Found a deep blue altar of Sif Muna.
  2698 | D:3      | Reached XP level 6. HP: 32/36 MP: 9/9
  2798 | D:3      | Found a glowing drain.
  2831 | Sewer    | Entered a sewer
  2909 | Sewer    | Reached skill level 5 in Short Blades
  3093 | Sewer    | Slain by a worm

Vault maps used:
D:1:      dpeg_arrival_ternary
D:2:      nicolae_overflow_crystal_walls, gammafunk_temple_overflow_wave
D:3:      lemuel_crystal_altar, gup_sewer_entry_pipe, minmay_misc_feat_doors
Sewer:    sewer_co_tree

Action                   |  1- 3 |  4- 6 || total
-------------------------+-------+-------++-------
Melee: Short sword       |   176 |   121 ||   297
Throw: Stone             |    60 |    17 ||    77
Evoke: Wand              |     2 |    15 ||    17
  Eat: Chunk             |    13 |     2 ||    15
